 Dungeon Crawl Stone Soup version 0.28.0-43-g3370ac3207 (webtiles) character file.

Game seed: 17838187237886301717

15720 grackle the Cleaver (level 12, -1/80 HPs)
             Began as a Gargoyle Fighter on Mar 13, 2022.
             Was a Priest of the Shining One.
             Slain by Sonja
             ... wielding a +1 short sword of distortion
              (3 damage)
             ... on level 11 of the Dungeon.
             The game lasted 00:44:55 (12303 turns).

grackle the Cleaver (Gargoyle Fighter)             Turns: 12303, Time: 00:44:56

Health: -1/80      AC: 37    Str: 26    XL:     12   Next: 30%
Magic:  0/12       EV:  8    Int: 13    God:    the Shining One [***...]
Gold:   1208       SH:  0    Dex:  9    Spells: 11/11 levels left

rFire   . . .      SeeInvis .   F - +8 hand axe (freeze)
rCold   . . .      Faith    .   K - orb {*Rage}
rNeg    + + .      Spirit   +   U - +4 plate armour
rPois   ∞          Reflect  .   (no helmet)
rElec   +          Harm     .   Q - +5 cloak "Geat Jud" {-Tele Rampage Int+5 Slay+6}
rCorr   .          Rampage  +   (no gloves)
Will    +....      Rage     20% q - +2 pair of boots
Stlth   .......... NoTele   +   k - amulet of guardian spirit
HPRegen 0.23/turn               E - ring of willpower
MPRegen 0.13/turn               I - ring of flight

@: flying, glowing
A: sickness immunity, AC +8, negative energy resistance 1, electricity
resistance, torment resistance 1, petrification resistance
a: Renounce Religion, Divine Shield, Cleansing Flame


You were on level 11 of the Dungeon.
You worshipped the Shining One.
The Shining One was most pleased with you.
You visited 1 branch of the dungeon, and saw 11 of its levels.
You also visited: Sewer and Bailey.

You collected 2121 gold pieces.
You spent 913 gold pieces at shops.

Inventory:

Hand Weapons
 a - a +1 trident
 e - the +2 war axe of the Gloaming {holy, *Slow rN+ Str+2 Dex+3}
   (You bought it in a shop on level 1 of the Dungeon)

   It has been blessed by the Shining One to cause great damage to the undead
   and demons.
   Str:       It affects your strength (+2).
   Dex:       It affects your dexterity (+3).
   rN:        It protects you from negative energy.
   *Slow:     It may slow you when you take damage.
 s - a +3 dagger of venom
 w - a +4 war axe
 y - a +3 broad axe of electrocution
 D - a +4 war axe of freezing
 F - a +8 hand axe of freezing (weapon)
 S - a +4 trident of venom
Missiles
 j - 310 stones (quivered)
 P - 24 boomerangs
Armour
 b - a +0 scale mail
 c - a +1 buckler
 f - a +0 scale mail
 q - a +2 pair of boots (worn)
 K - an orb of wrath (worn)
 N - a +4 chain mail
 Q - the +5 cloak "Geat Jud" (worn) {-Tele Rampage Int+5 Slay+6}
   (You found it in a bailey)

   Int:       It affects your intelligence (+5).
   Slay:      It affects your accuracy & damage with ranged weapons and melee
   (+6).
   -Tele:     It prevents most forms of teleportation.
   Rampage:   It bestows one free step when moving towards enemies.
 U - a +4 plate armour (worn)
Jewellery
 k - an amulet of guardian spirit (around neck)
 m - an amulet of magic regeneration
 o - an amulet of faith
 x - an amulet of faith
 E - a ring of willpower (left hand)
 I - a ring of flight (right hand)
 M - a +6 ring of intelligence
Wands
 h - a wand of charming (9)
 C - a wand of flame (11)
 G - a wand of paralysis (14)
 H - a wand of iceblast (5)
 T - a wand of digging (6)
Scrolls
 p - 3 scrolls of enchant armour
 t - a scroll of amnesia
 z - a scroll of immolation
 A - a scroll of blinking
 B - a scroll of summoning
 L - a scroll of identify
 R - 2 scrolls of teleportation
 V - 3 scrolls of fear {unknown}
Potions
 d - 2 potions of degeneration
 g - a potion of attraction
 i - 5 potions of flight
 l - 3 potions of magic
 n - a potion of berserk rage
 r - 3 potions of might
 u - a potion of mutation
 v - 2 potions of resistance
 J - a potion of haste
 O - a potion of curing


   Skills:
 * Level 11.5 Fighting
 + Level 11.7(11.8) Axes
 + Level 2.0(7.8) Polearms
 + Level 10.1 Armour
 + Level 2.8 Dodging
 + Level 3.1 Stealth
 + Level 6.5 Shields


You had 11 spell levels left.
You didn't know any spells.
Your spell library contained the following spells:

 Spells                   Type           Power      Damage    Failure   Level
 Freeze                   Ice            0%         1d3       96%         1
 Slow                     Hex            0%         N/A       96%         1
 Ensorcelled Hibernation  Hex/Ice        0%         N/A       99%         2
 Passwall                 Tmut/Erth      0%         N/A       99%         2
 Call Canine Familiar     Summ           0%         N/A       100%        3
 Confusing Touch          Hex            0%         N/A       100%        3
 Frozen Ramparts          Ice            0%         1d2       100%        3
 Ozocubu's Armour         Ice            0%         N/A       100%        3
 Portal Projectile        Hex/Tloc       0%         N/A       100%        3
 Swiftness                Air            0%         N/A       100%        3
 Tukima's Dance           Hex            0%         N/A       100%        3
 Vampiric Draining        Necr           0%         2d6       100%        3
 Animate Dead             Necr           0%         N/A       100%        4
 Hailstorm                Conj/Ice       0%         3d3       100%        4
 Leda's Liquefaction      Hex/Erth       0%         N/A       100%        4
 Passage of Golubria      Tloc           0%         N/A       100%        4
 Borgnjor's Vile Clutch   Necr/Erth      0%         N/A       100%        5
 Metabolic Englaciation   Hex/Ice        0%         N/A       100%        5
 Yara's Violent Unravell  Hex/Tmut       0%         3d3       100%        5
 Death Channel            Necr           0%         N/A       100%        6
 Simulacrum               Ice/Necr       0%         N/A       100%        6


Dungeon Overview and Level Annotations

Branches:
Dungeon (11/15)            Temple (0/1) D:4           Sewer (visited)
 Bailey (visited)
   Lair: D:8-11         Orc: D:9-12

Altars:
Cheibriados
Dithmenos
Fedhas
Kikubaaqudgha
Makhleb
Okawaru
Ru
Sif Muna
Trog
Uskayaw
The Shining One

Shops:
D:1 (   D:4 [   D:10 *(

Annotations:
D:10 2 runed translucent doors, ArthosElwyn's ghost, novice MiGl
D:11 Sonja


Innate Abilities, Weirdness & Mutations

You are immune to sickness and miasma.
Your stone body is resilient. (AC +8)
You are immune to poison.
You resist negative energy. (rN+)
You are resistant to electric shocks. (rElec)
You are resistant to unholy torment.
You are immune to petrification.


Message History

The curare-tipped dart misses you.
There is an open door here.
You rampage towards Sonja!
Found 6 gold pieces.
Sonja casts a spell.
Sonja blinks!
A cyclops comes into view.
The cyclops shouts!
Sonja throws a curare-tipped dart.
The curare-tipped dart completely misses you.
You slash Sonja! You freeze Sonja.
Sonja is heavily wounded.
Sonja hits you but does no damage. Space warps horribly around you!
Sonja hits you but does no damage. Space warps around you.
Sonja hits you with a +1 short sword of distortion.
Space warps horribly around you!
You miss Sonja.
Sonja is heavily wounded.
The cyclops throws a large rock.
The large rock hits you!! Sonja hits you but does no damage.
Sonja hits you with a +1 short sword of distortion.
Sonja hits you but does no damage. Space warps around you.
* * * LOW HITPOINT WARNING * * *
You feel better. Sonja closely misses you. Sonja hits you but does no damage.
Space warps around you. Sonja closely misses you.
You feel better. Sonja hits you but does no damage. x2
Space warps horribly around you!!
* * * LOW HITPOINT WARNING * * *
Sonja completely misses you.
As you read the scroll of summoning, it crumbles to dust.
Wisps of shadow whirl around you... Sonja hits you but does no damage.
Space warps around you.
* * * LOW HITPOINT WARNING * * *
Sonja barely misses you. Sonja hits you but does no damage.
Sonja completely misses you.
Sonja hits you with a +1 short sword of distortion.
* * * LOW HITPOINT WARNING * * *
Space warps horribly around you!
* * * LOW HITPOINT WARNING * * *
Sonja hits you but does no damage. Space warps around you.
You die...

.# ##+##.#
##.$.#.
##.....##
##....C..##
#.Y.Y.o...#
+..x.Y.T.o+
#...o@....#
##.Y.K...##
##.....##
##...##
##'## #.#
#.#
#######.####
...........#


You could see a cyclops (ally target), Sonja (ally target), 4 friendly yaks, a
friendly troll (summoned), a friendly unseen horror (summoned, invisible), a
friendly orc wizard (summoned) and 2 friendly orcs.

Vanquished Creatures
  A hydra (D:11)
  A boulder beetle (D:11)
  Erica (D:8)
  2 two-headed ogres
  3 orc knights (Bailey)
  A cyclops (D:11)
  A gargoyle (D:10)
  A kobold demonologist (D:9)
  Maggie (D:6)
  3 meliai (D:10)
  2 trolls (D:10)
  A hornet (D:4)
  A meliai zombie (D:10)
  A shadow (D:11)
  21 yaks
  3 vampire mosquitoes (D:11)
  2 acid dragons
  2 water moccasins
  7 orc warriors
  2 black bears
  2 ice beasts
  2 necrophages
  3 centaurs
  3 bullfrogs
  3 kobold brigands
  3 scorpions
  8 wights (D:7)
  An electric eel (D:10)
  5 howler monkeys
  4 centaur zombies
  A bullfrog skeleton (D:5)
  6 orc priests
  An iguana (D:6)
  7 orc wizards
  A hell rat (Sewer)
  A mummy (D:5)
  2 howler monkey zombies
  13 adders
  6 river rats
  2 shadow imps (D:7)
  An ufetubus (D:4)
  8 worms
  28 orcs
  A bat skeleton (D:2)
  4 endoplasms
  4 giant cockroaches
  14 goblins
  7 hobgoblins
  28 kobolds
  5 quokkas
  5 ball pythons
  6 bats
  3 frilled lizards
  13 rats
258 creatures vanquished.

Vanquished Creatures (collateral kills)
  A hydra (D:11)
  A centaur warrior (D:11)
  A troll (D:11)
3 creatures vanquished.

Vanquished Creatures (others)
  A plant (D:11)
  A withered plant (D:2)
2 creatures vanquished.

Grand Total: 263 creatures vanquished

Notes
Turn   | Place    | Note
-------+----------+-------------------------------------------
     0 | D:1      | grackle the Gargoyle Fighter began the quest for the Orb.
     0 | D:1      | Reached XP level 1. HP: 14/14 MP: 1/1
   296 | D:1      | Reached XP level 2. HP: 15/19 MP: 2/2
   309 | D:1      | Found Ses Rapn's Weapon Boutique.
   417 | D:1      | Identified a scroll of acquirement
   417 | D:1      | Acquired 1020 gold pieces
   494 | D:1      | Bought the +2 war axe of the Gloaming {holy, *Slow rN+
                  | Str+2 Dex+3} for 453 gold pieces
   864 | D:2      | Reached XP level 3. HP: 18/24 MP: 3/3
  1350 | D:2      | Found a blossoming altar of Fedhas.
  1425 | D:2      | Reached skill level 1 in Axes
  1425 | D:2      | Reached XP level 4. HP: 29/29 MP: 4/4
  2043 | D:3      | Found a hide-covered altar of Uskayaw.
  2077 | D:3      | Found a faded altar of an unknown god.
  2117 | D:3      | Found a shimmering blue altar of Sif Muna.
  2209 | D:3      | Found a shadowy altar of Dithmenos.
  2225 | D:3      | Found an ancient bone altar of Kikubaaqudgha.
  2584 | D:4      | Reached XP level 5. HP: 27/33 MP: 3/5
  2634 | D:4      | Found a staircase to the Ecumenical Temple.
  2891 | D:4      | Noticed a hornet
  2902 | D:4      | Killed a hornet
  2903 | D:4      | Reached XP level 6. HP: 13/40 MP: 2/6
  2946 | D:4      | Noticed a necrophage
  2954 | D:4      | Found a glowing golden altar of the Shining One.
  2962 | D:4      | Became a worshipper of the Shining One
  2966 | D:4      | Killed a necrophage
  2967 | D:4      | Reached skill level 5 in Fighting
  2967 | D:4      | Reached XP level 7. HP: 24/44 MP: 5/7
  3263 | D:4      | Reached skill level 1 in Dodging
  3323 | D:4      | Reached skill level 5 in Armour
  3492 | D:4      | Found Jiajes's Armour Boutique.
  3495 | D:4      | Bought a +2 pair of boots for 214 gold pieces
  3830 | D:4      | Found an iron altar of Okawaru.
  4153 | D:5      | Entered Level 5 of the Dungeon
  4173 | D:5      | Found a burning altar of Makhleb.
  4221 | D:5      | Found a sacrificial altar of Ru.
  4627 | D:5      | Reached XP level 8. HP: 51/51 MP: 8/8
  4754 | D:5      | Found a snail-covered altar of Cheibriados.
  4993 | D:6      | Reached skill level 5 in Axes
  5064 | D:6      | Reached skill level 1 in Stealth
  5253 | D:6      | Found a glowing drain.
  5259 | Sewer    | Entered a sewer
  5449 | D:6      | Reached * piety under the Shining One
  5577 | D:6      | Noticed Maggie
  5580 | D:6      | Reached XP level 9. HP: 41/56 MP: 6/9
  5592 | D:6      | Killed Maggie
  5849 | D:6      | Reached skill level 5 in Shields
  7236 | D:8      | Reached XP level 10. HP: 29/64 MP: 6/10
  7572 | D:8      | Noticed Erica
  7585 | D:8      | Killed Erica
  7899 | D:8      | Reached ** piety under the Shining One
  8697 | D:9      | Reached skill level 10 in Axes
  8926 | D:9      | Noticed a kobold demonologist
  8969 | D:9      | Killed a kobold demonologist
  9453 | D:10     | Entered Level 10 of the Dungeon
  9457 | D:10     | Found Iloshrai's Antique Weapon Boutique.
  9466 | D:10     | Bought a glowing broad axe for 196 gold pieces
  9618 | D:10     | Found a flagged portal.
  9642 | Bailey   | Entered a bailey
  9651 | Bailey   | Noticed an orc knight
  9680 | Bailey   | Reached XP level 11. HP: 58/71 MP: 7/11
  9718 | Bailey   | Noticed an orc knight
  9794 | Bailey   | Identified the +5 cloak "Geat Jud" {-Tele Rampage Int+5
                  | Slay+6}
  9866 | Bailey   | Noticed an orc knight
  9885 | Bailey   | Killed an orc knight
  9894 | Bailey   | Killed an orc knight
  9898 | Bailey   | Killed an orc knight
 10427 | D:10     | Noticed a necromancer
 10427 | D:10     | Noticed ArthosElwyn's ghost (novice MiGl)
 10427 | D:10     | Noticed a lich
 10427 | D:10     | Noticed an orc knight
 10428 | D:10     | Noticed a stone giant
 10428 | D:10     | Noticed a stone giant
 10441 | D:10     | Reached *** piety under the Shining One
 10459 | D:10     | Reached skill level 10 in Fighting
 10660 | D:10     | Found a bloodstained altar of Trog.
 10673 | D:10     | Noticed a two-headed ogre
 10682 | D:10     | Killed a two-headed ogre
 11032 | D:10     | Found Salal's Assorted Antiques.
 11196 | D:10     | Bought a scroll of identify for 50 gold pieces
 11216 | D:10     | Noticed a skeletal warrior
 11304 | D:10     | Found a runed translucent door.
 11304 | D:10     | Found a runed translucent door.
 11424 | D:11     | Noticed a boulder beetle
 11425 | D:11     | Noticed a centaur warrior
 11425 | D:11     | Noticed a six-headed hydra
 11439 | D:11     | Killed a boulder beetle
 11443 | D:11     | Killed a ten-headed hydra
 11448 | D:11     | Killed a centaur warrior
 11462 | D:11     | Noticed a two-headed ogre
 11469 | D:11     | Killed a two-headed ogre
 11470 | D:11     | Reached XP level 12. HP: 44/79 MP: 7/12
 11813 | D:11     | Noticed a seven-headed hydra
 11829 | D:11     | Killed a 16-headed hydra
 11830 | D:11     | Reached skill level 10 in Armour
 12082 | D:11     | Reached **** piety under the Shining One
 12290 | D:11     | Noticed Sonja
 12303 | D:11     | HP: 2/80 [Sonja/+1 short sword of distortion (8)]
 12303 | D:11     | Slain by Sonja

Illustrated notes

Levels and vault maps discovered:
D:1:      dpeg_arrival_simpleton_b, layout_basic, serial_shops,
          nicolae_shop_bloodbath_and_beyond
D:2:      layout_basic, basic_altar, serial_undead, serial_undead_b,
          serial_undead_d, serial_undead_e, serial_undead_e
D:3:      layout_loops_ring, nicolae_sif_muna_condensation,
          nicolae_uskayaw_suspiria, amethyst_overflow_temple_binary,
          dreamdust_ecumenical_altar_statues
D:4:      layout_loops_cross, nicolae_tso_carved_into_rock,
          mainiacjoe_overflow_catwalk, temple_doors_e, serial_shops,
          nicolae_shop_behind_doors
D:5:      layout_loops_ring, nicolae_ru_great_annihilating_truth,
          bloody_makhleb, slow_altar_2
D:6:      layout_basic, lightli_sewer_entry_pipes, uniq_maggie
D:7:      layout_basic, serial_curves, eino_curves_02, eino_curves_03,
          eino_curves_02
D:8:      layout_loops_ring, uniq_erica
D:9:      layout_loops_corners
D:10:     layout_basic, kennysheep_mini, muffindrake_ghost_dual_entry,
          serial_shops, shop, nicolae_shop_stone, enter_bailey_4
D:11:     layout_loops_corners, dpeg_oklobed_lair, minmay_quadrilaterals,
          uniq_sonja

Skill      XL: |  1  2  3  4  5  6  7  8  9 10 11 12 |
---------------+-------------------------------------+-----
Polearms       | 2 |  2.0
Fighting       | 4 5 6 8 9 10 11 | 11.5
Axes           | 1 3 4 6 8 10 11 | 11.7
Armour         | 4 5 6 7 9 10 | 10.1
Shields        | 4 5 6 |  6.5
Dodging        | 1 2 |  2.8
Stealth        | 1 2 3 |  3.1

Action                   |  1- 3 |  4- 6 |  7- 9 | 10-12 || total
-------------------------+-------+-------+-------+-------++-------
Melee: Trident           |    41 |       |       |       ||    41
       War axe           |    48 |    79 |   297 |     3 ||   427
       Hand axe          |       |       |       |   319 ||   319
  Use: Scroll            |     3 |     2 |    13 |    10 ||    28
       Potion            |       |     2 |     3 |     6 ||    11
Armor: Scale mail        |    67 |    42 |   161 |    53 ||   323
       Chain mail        |       |       |       |   145 ||   145
       Plate armour      |       |       |       |    17 ||    17
Dodge: Dodged            |    57 |    43 |   112 |   152 ||   364
Block: Buckler           |    29 |    26 |    70 |    35 ||   160
